 Dungeon Crawl Stone Soup version 0.21.1-1-g345015fe64 (webtiles) character file.

111 Peloso the Covered (level 4, -7/40 HPs)
             Began as a Minotaur Fighter on May 6, 2018.
             Killed by divine providence
             ... invoked by an orc priest
              (12 damage)
             ... on level 3 of the Dungeon.
             The game lasted 00:03:03 (2234 turns).

Peloso the Covered (Minotaur Fighter)               Turns: 2234, Time: 00:03:07

Health: -7/40      AC:  7    Str: 20    XL:     4   Next: 62%
Magic:  3/3        EV:  7    Int:  5    God:
Gold:   135        SH:  9    Dex: 11    Spells: 3/3 levels left

rFire    . . .     SeeInvis .   a - +0 long sword
rCold    . . .     Gourm    .   c - +0 shield
rNeg     . . .     Faith    .   b - +0 scale mail
rPois    .         Spirit   .   (helmet restricted)
rElec    .         Reflect  .   (no cloak)
rCorr    .         Harm     .   (no gloves)
MR       .....                  (no boots)
Stlth    ..........             (no amulet)
HPRegen  0.13/turn              (no ring)
MPRegen  0.08/turn              (no ring)

@: no status effects
A: retaliatory headbutt, horns 2
a: no special abilities


You were on level 3 of the Dungeon.
You were not hungry.

You visited 1 branch of the dungeon, and saw 3 of its levels.

You collected 135 gold pieces.

Inventory:

Hand Weapons
 a - a +0 long sword (weapon)
Armour
 b - a +0 scale mail (worn)
 c - a +0 shield (worn)
 g - a +2 buckler
Scrolls
 i - a scroll of magic mapping {unknown}
 j - 2 scrolls of teleportation {unknown}
 l - a scroll of remove curse {unknown}
 o - 3 scrolls of identify {unknown}
Potions
 d - a potion of might
 e - 2 potions of cancellation {unknown}
 h - a potion of agility {unknown}
 k - 2 potions of magic {unknown}
 m - a potion of curing {unknown}
 n - a potion of flight {unknown}
Comestibles
 f - 3 rations
 p - 4 chunks of flesh


   Skills:
 + Level 4.2 Fighting
 + Level 3.5 Long Blades
 + Level 4.9 Armour
 + Level 0.3 Dodging
 + Level 4.4 Shields


You had 3 spell levels left.
You didn't know any spells.

Dungeon Overview and Level Annotations

Branches:
Dungeon (3/15)

Altars:
Cheibriados
Elyvilon


Innate Abilities, Weirdness & Mutations

You reflexively headbutt those who attack you in melee.
You have a pair of horns on your head.


Message History

The orc priest hits you.
* * * LOW HITPOINT WARNING * * *
You closely miss the orc priest. You block the bat's attack.
The bat closely misses you. You furiously retaliate!
You headbutt the bat, but do no damage. You block the orc priest's attack.
The bat barely misses you.
You closely miss the orc priest. The bat barely misses you.
The orc priest looks braver for a moment.
You slash the orc priest!
The orc priest is severely wounded.
The bat hits you but does no damage. x2
The orc priest miscasts a cantrip.
You closely miss the orc priest. You headbutt the orc priest.
The orc priest is almost dead.
You block the bat's attack. x2
The orc priest hits you but does no damage.
You block the bat's attack.
The orc priest invokes the aid of Beogh against you.
Beogh smites you!
You die...

..†............#
.#.............#
.+.............#
.#.............#####
##.................##
#............#.#.#.#.#
#...........≈...≈...≈.
.........#.#.#.#.#.#.
...........b@o.≈...≈
......?#.#.#.#.#.#.
=......≈...≈...≈
.....#.#.#.#.#.#
.......≈...§... ###.#
#.#.# #.# #. ...≈. ≈..
# #. .# #.


You could see an orc priest and a bat.

Vanquished Creatures
  Terence (D:2)
  2 adders (D:2)
  2 dart slugs
  4 leopard geckos (D:1)
  8 orcs
  4 giant cockroaches
  6 hobgoblins
  5 kobolds
  5 bats
  3 frilled lizards
  4 goblins
  9 rats
53 creatures vanquished.

Notes
Turn   | Place    | Note
-------+----------+-------------------------------------------
     0 | D:1      | Peloso the Minotaur Fighter began the quest for the Orb.
     0 | D:1      | Reached XP level 1. HP: 19/19 MP: 0/0
   314 | D:1      | Reached XP level 2. HP: 24/27 MP: 1/1
  1135 | D:2      | Reached XP level 3. HP: 32/33 MP: 2/2
  1283 | D:2      | Found a white marble altar of Elyvilon.
  1329 | D:2      | Found a snail-covered altar of Cheibriados.
  1672 | D:2      | Noticed Terence
  1685 | D:2      | Killed Terence
  1685 | D:2      | Reached XP level 4. HP: 40/40 MP: 3/3
  2234 | D:3      | Killed from afar by an orc priest

Skill      XL: |  1  2  3 |
---------------+----------+-----
Fighting       | 4 |  4.2
Shields        | 4 |  4.4
Armour         | 4 |  4.9
Long Blades    | 3 |  3.5
Dodging        | |  0.3

Action                   |  1- 3 |  4- 6 || total
-------------------------+-------+-------++-------
Melee: Long sword        |    67 |    54 ||   121
       Headbutt          |    19 |    16 ||    35
  Eat: Chunk             |     2 |     2 ||     4
Armor: Scale mail        |    31 |    18 ||    49
Dodge: Dodged            |    26 |    16 ||    42
Block: Shield            |    31 |    34 ||    65
       Rpst.: Long sword |     5 |     5 ||    10
